 Dungeon Crawl Stone Soup version 0.27-a0-607-g1ad3dbde53 (webtiles) character file.

Game seed: 13735339761443365464

126 Johnny the Magician (level 4, -2/24 HPs)
             Began as a Deep Elf Earth Elementalist on Mar 13, 2021.
             Slain by a gnoll
             ... wielding a +0 halberd
              (7 damage)
             ... on level 2 of the Dungeon.
             The game lasted 00:01:31 (2387 turns).

Johnny the Magician (Deep Elf Earth Elementalist)   Turns: 2387, Time: 00:01:31

Health: -2/24      AC:  3    Str:  5    XL:     4   Next: 83%
Magic:  8/13       EV: 12    Int: 21    God:
Gold:   48         SH:  0    Dex: 15    Spells: 12/13 levels left

rFire    . . .     SeeInvis .   a - +1 dagger (protect)
rCold    . . .     Faith    .   (no shield)
rNeg     . . .     Spirit   .   c - +0 robe
rPois    .         Reflect  .   (no helmet)
rElec    .         Harm     .   (no cloak)
rCorr    .         Rampage  .   i - +0 pair of gloves
Will     .....                  (no boots)
Stlth    ++........             (no amulet)
HPRegen  0.08/turn              (no ring)
MPRegen  0.13/turn              (no ring)

@: no status effects
A: no striking features
a: no special abilities


You were on level 2 of the Dungeon.
You visited 1 branch of the dungeon, and saw 2 of its levels.

You collected 48 gold pieces.

Inventory:

Hand Weapons
 a - a +1 dagger of protection (weapon)
Missiles
 b - 70 stones
Armour
 c - a +0 robe (worn)
 i - a +0 pair of gloves (worn)
Scrolls
 d - 6 scrolls of identify {unknown}
 f - 3 scrolls of teleportation {unknown}
 h - a scroll of fog {unknown}
Potions
 e - a potion of heal wounds {unknown}
 g - 2 potions of curing {unknown}


   Skills:
 - Level 2.4 Dodging
 - Level 2.4 Stealth
 + Level 5.3 Spellcasting
 - Level 1.1 Transmutations
 + Level 4.9 Earth Magic


You had 12 spell levels left.
You knew the following spells:

 Your Spells              Type           Power      Damage    Failure   Level
a - Sandblast             Erth           52%        2d12      1%          1

Your spell library contained the following spells:

 Spells                   Type           Power      Damage    Failure   Level
 Passwall                 Tmut/Erth      15%        N/A       4%          2
 Stone Arrow              Conj/Erth      32%        3d9       12%         3
 Petrify                  Tmut/Erth      18%        N/A       30%         4
 Lee's Rapid Deconstruct  Erth           13%        3d10*     36%         5


Dungeon Overview and Level Annotations

Branches:
Dungeon (2/15)

Altars:


Message History

Press: ? - help, Shift-Dir - straight line, f - adder
Aim: an adder (32% to evade)
The blast of sand hits the adder!
You kill the adder!
The gnoll hits you but does no damage.
Casting: Sandblast (safe; 1% risk of failure)
Confirm with . or Enter, or press ? or * to list all spells.
Aiming: Sandblast (safe; 1% risk of failure)
Press: ? - help, Shift-Dir - straight line, f - gnoll
Aim: a gnoll, wielding a +2 halberd of flaming (17% to evade)
The blast of sand hits the gnoll.
The gnoll is lightly wounded.
The gnoll barely misses you. The gnoll closely misses you.
Casting: Sandblast (safe; 1% risk of failure)
Confirm with . or Enter, or press ? or * to list all spells.
Aiming: Sandblast (safe; 1% risk of failure)
Press: ? - help, Shift-Dir - straight line, f/p - gnoll
Aim: a gnoll, wielding a +2 halberd of flaming (lightly wounded, 17% to evade)
The blast of sand hits the gnoll.
The gnoll is moderately wounded.
The gnoll hits you from afar with a +0 halberd!
Casting: Sandblast (safe; 1% risk of failure)
Confirm with . or Enter, or press ? or * to list all spells.
Aiming: Sandblast (safe; 1% risk of failure)
Press: ? - help, Shift-Dir - straight line, f/p - gnoll
Aim: a gnoll, wielding a +2 halberd of flaming (moderately wounded, 17% to evade)
The blast of sand hits the gnoll!
You kill the gnoll!
The gnoll hits you from afar with a +0 halberd!
* * * LOW HITPOINT WARNING * * *
The gnoll barely misses you.
Casting: Sandblast (safe; 1% risk of failure)
Confirm with . or Enter, or press ? or * to list all spells.
Aiming: Sandblast (safe; 1% risk of failure)
Press: ? - help, Shift-Dir - straight line, f - gnoll
Aim: a gnoll, wielding a +0 spear (17% to evade)
The blast of sand hits the gnoll!
The gnoll is heavily wounded.
The gnoll hits you from afar with a +0 halberd!
You die...

.###.......#..........#
...........#..........#
.###.......#..........#
########'###..........#
..# #.# #..........#
..# #+###..........#
..# ..........#### ..#
..........# ..#
.....g.@..# ..#
.....g.†..# ..#
..........# ..#
........).# ..#
..........# ..#
........... ..#
############ ###


You could see 2 gnolls.

Vanquished Creatures
  4 adders (D:2)
  4 gnolls (D:2)
  A worm (D:2)
  2 dart slugs
  4 leopard geckos
  2 giant cockroaches (D:2)
  4 goblins
  4 hobgoblins
  4 jackals (D:2)
  3 kobolds
  A quokka (D:2)
  3 bats
  4 frilled lizards (D:1)
  5 rats
45 creatures vanquished.

Notes
Turn   | Place    | Note
-------+----------+-------------------------------------------
     0 | D:1      | Johnny the Deep Elf Earth Elementalist began the quest for
                  | the Orb.
     0 | D:1      | Reached XP level 1. HP: 10/10 MP: 6/6
   602 | D:1      | Reached XP level 2. HP: 13/15 MP: 5/8
  1164 | D:2      | Reached skill level 4 in Spellcasting
  1179 | D:2      | Reached XP level 3. HP: 8/19 MP: 1/10
  1561 | D:2      | Reached XP level 4. HP: 7/24 MP: 5/12
  2166 | D:2      | Reached skill level 5 in Spellcasting
  2387 | D:2      | Slain by a gnoll

Illustrated notes

Levels and vault maps discovered:
D:1:      minmay_arrival_arboretum_small, layout_loops_ring, dk_noncrumbling_4,
          nrook_mini_backslash, minivault_26
D:2:      layout_basic

Skill      XL: |  1  2  3  4 |
---------------+-------------+-----
Spellcasting   | 4 5 |  5.3
Earth Magic    | 4 |  4.9
Dodging        | |  2.4
Stealth        | |  2.4
Transmutations | |  1.1

Action                   |  1- 3 |  4- 6 || total
-------------------------+-------+-------++-------
Melee: Dagger            |    39 |    30 ||    69
 Cast: Sandblast         |    35 |    14 ||    49
 Stab: Sleeping          |     1 |     2 ||     3
Armor: Robe              |    24 |    11 ||    35
Dodge: Dodged            |    55 |    24 ||    79

Table legend: (Time is in decaauts)
 A = Elapsed time spent in this place.
 B = Non-inter-level travel time spent in this place.
 C = Inter-level travel time spent in this place.
 D = Time resting spent in this place.
 E = Time spent auto-exploring this place.
 F = Levels seen in this place.
 G = Mean time per level.
                   A        B        C        D        E       F      G
               +--------+--------+--------+--------+--------+-----+--------+
         Total |   2386 |   2356 |     30 |    277 |   1796 |   2 | 1193.0 |
       Dungeon |   2386 |   2356 |     30 |    277 |   1796 |   2 | 1193.0 |
               +--------+--------+--------+--------+--------+-----+--------+

Top non-repeatable levels by time:
     D:2: 1266 daAuts
     D:1: 1119 daAuts
